 Dungeon Crawl Stone Soup version 0.23.0-3-gf3c87f2 (webtiles) character file.

Game seed: 1342823131422755928

45 night the Insei (level 3, -1/26 HPs)
             Began as a Demonspawn Transmuter on Feb 24, 2019.
             Slain by a hound (4 damage)
             ... on level 2 of the Dungeon.
             The game lasted 00:03:11 (2120 turns).

night the Insei (Demonspawn Transmuter)             Turns: 2120, Time: 00:03:12

Health: -1/26      AC:  4    Str: 11    XL:     3   Next: 42%
Magic:  6/6        EV: 12    Int: 14    God:
Gold:   61         SH:  0    Dex: 13    Spells: 5/6 levels left

rFire    + . .     SeeInvis .     - Unarmed
rCold    . . .     Gourm    .   (no shield)
rNeg     . . .     Faith    .   e - +0 leather armour
rPois    .         Spirit   .   c - +0 helmet
rElec    .         Reflect  .   (no cloak)
rCorr    .         Harm     .   (no gloves)
MR       .....                  (no boots)
Stlth    +.........             (no amulet)
HPRegen  0.08/turn              i - ring of flight
MPRegen  0.10/turn              (no ring)

@: no status effects
A: fire resistance 1
a: Evoke Flight


You were on level 2 of the Dungeon.
You were not hungry.

You visited 1 branch of the dungeon, and saw 2 of its levels.

You collected 61 gold pieces.

Inventory:

Missiles
 a - 12 arrows
Armour
 b - a +0 robe
 c - a +0 helmet (worn)
 e - a +0 leather armour (worn)
Jewellery
 i - a ring of flight (left hand)
Scrolls
 h - a scroll of enchant weapon {unknown}
 j - 3 scrolls of identify {unknown}
 k - a scroll of enchant armour {unknown}
 n - a scroll of teleportation {unknown}
Potions
 f - 3 potions of curing {unknown}
 g - a potion of flight {unknown}
 l - a potion of agility {unknown}
Comestibles
 d - 9 rations


   Skills:
 - Level 1.0 Fighting
 - Level 1.7 Dodging
 + Level 4.1 Unarmed Combat
 - Level 2.0 Spellcasting
 - Level 1.7 Transmutations


You had 5 spell levels left.
You knew the following spells:

 Your Spells              Type           Power        Failure   Level  Hunger
a - Beastly Appendage     Tmut           #.....       16%         1    ##.....

Your spell library contained the following spells:

 Spells                   Type           Power        Failure   Level  Hunger
 Sticks to Snakes         Tmut           #.......     22%         2    ###....
 Spider Form              Tmut/Pois      #.........   54%         3    ####...
 Ice Form                 Ice/Tmut       #.......     91%         4    #####..
 Blade Hands              Tmut           #.........   99%         5    ######.


Dungeon Overview and Level Annotations

Branches:
Dungeon (2/15)

Altars:
Makhleb


Innate Abilities, Weirdness & Mutations

Your flesh is heat resistant. (rF+)


Message History

The hound bites you but does no damage. The hound bites you.
You are too injured to fight recklessly!
You are too injured to fight recklessly!
You closely miss the hound.
The hound is moderately wounded.
The hound bites you.
You hit the hound but do no damage.
The hound is moderately wounded.
The hound bites you.
* * * LOW HITPOINT WARNING * * *
The hound closely misses you.
You closely miss the hound.
The hound is moderately wounded.
The hound bites you.
* * * LOW HITPOINT WARNING * * *
You barely miss the hound.
The hound is moderately wounded.
The hound bites you but does no damage. The hound bites you.
You die...

#.##.##...## #.#
#..........# #.#
#..........###.##
##....####.......
##....## #.#.....
##...###
...##...# ##..###
#######.##
#..##### #.#
##.@#..## #.#
##.h.†.# #+#
###.._∩# #..##
###


You could see a hound.

Vanquished Creatures
  2 adders (D:2)
  2 ball pythons (D:1)
  4 giant cockroaches
  2 goblins (D:1)
  7 hobgoblins
  A bat (D:1)
  A frilled lizard (D:1)
  3 kobolds (D:1)
  2 rats
24 creatures vanquished.

Notes
Turn   | Place    | Note
-------+----------+-------------------------------------------
     0 | D:1      | night the Demonspawn Transmuter began the quest for the
                  | Orb.
     0 | D:1      | Reached XP level 1. HP: 15/15 MP: 3/3
   124 | D:1      | Reached skill level 3 in Unarmed Combat
   377 | D:1      | Gained mutation: Your flesh is heat resistant. (rF+)
                  | [demonic ancestry]
   377 | D:1      | Reached XP level 2. HP: 16/21 MP: 5/5
  1668 | D:2      | Reached XP level 3. HP: 17/26 MP: 6/6
  1909 | D:2      | Reached skill level 4 in Unarmed Combat
  2104 | D:2      | Found a burning altar of Makhleb.
  2120 | D:2      | Slain by a hound

Skill      XL: |  1  2  3 |
---------------+----------+-----
Unarmed Combat | 3 4 |  4.1
Fighting       | |  1.0
Dodging        | |  1.7
Spellcasting   | |  2.0
Transmutations | |  1.7

Action                   || total
-------------------------++-------
Melee: Unarmed           ||   141
       Punch             ||     2
  Eat: Chunk             ||     4
Armor: Leather armour    ||    32
Dodge: Dodged            ||    76
